MLB
SAN FRANCISCO GIANTS @ ARIZONA DIAMONDBACKS
09/15/2044
 
TOP OF THE 1ST
San Francisco Giants batting - Pitching for Arizona Diamondbacks : LHP Murphy Quirk
Pitching: LHP Murphy Quirk
Batting: RHB Jason May 0-0: Ball
1-0: Foul Ball, location: 2F
1-1: Swinging Strike
1-2: Foul Ball, location: 2F
1-2: Strikes out swinging
Batting: RHB Nick Rigden 0-0: SINGLE (Flyball, 56D, EV 93.1 MPH)
Batting: RHB Sean Zielinski 0-0: Grounds into double play, 6-4-3 (Groundball, 6, EV 103.8 MPH)
Top of the 1st over - 0 runs, 1 hit, 0 errors, 0 left on base; San Francisco 0 - Arizona 0
BOTTOM OF THE 1ST
Arizona Diamondbacks batting - Pitching for San Francisco Giants : RHP Casey Jones
Pitching: RHP Casey Jones
Batting: LHB Roy Steigerwald 0-0: Ball
1-0: Ball
2-0: Ball
3-0: Called Strike
3-1: Called Strike
3-2: Base on Balls
Batting: RHB David Price Jr. 0-0: Called Strike
0-1: Ball
1-1: Foul Ball, location: 2F
1-2: Foul Ball, location: 2F
1-2: Ball
2-2: Foul Ball, location: 2F
2-2: Foul Ball, location: 2F
2-2: SINGLE (Flyball, 6D, EV 89.4 MPH)
Roy Steigerwald to second
Batting: LHB Eric Klasek 0-0: Called Strike
0-1: Ball
1-1: Ball
2-1: Ball
3-1: Grounds into double play, 4-6-3 (Groundball, 4M, EV 89.4 MPH)
Roy Steigerwald to third
Batting: LHB Danny Dunham 0-0: Ball
1-0: Ball
2-0: Foul Ball, location: 2F
2-1: Swinging Strike
2-2: Foul Ball, location: 2F
2-2: Strikes out swinging
Bottom of the 1st over - 0 runs, 1 hit, 0 errors, 1 left on base; San Francisco 0 - Arizona 0
TOP OF THE 2ND
San Francisco Giants batting - Pitching for Arizona Diamondbacks : LHP Murphy Quirk
Batting: SHB Ryan Doss 0-0: Ball
1-0: Foul Ball, location: 2F
1-1: Ball
2-1: Fly out, F7 (Flyball, 7, EV 84.4 MPH)
Batting: LHB Willis Robles 0-0: Ball
1-0: Fly out, F5 (Popup, 56S, EV 84.4 MPH)
Batting: RHB Henri Cederberg 0-0: SINGLE (Line Drive, 6D, EV 103.8 MPH)
Batting: RHB Tom Beckman 0-0: Ball
1-0: Called Strike
1-1: Ball
2-1: Called Strike
2-2: Ball
3-2: Fly out, F4 (Popup, 4S, EV 82.5 MPH)
Top of the 2nd over - 0 runs, 1 hit, 0 errors, 1 left on base; San Francisco 0 - Arizona 0
BOTTOM OF THE 2ND
Arizona Diamondbacks batting - Pitching for San Francisco Giants : RHP Casey Jones
Batting: SHB Perry Tuckfard 0-0: Foul Ball, location: 2F
0-1: Ball
1-1: Ball
2-1: Ground out 2-3 (Groundball, 15S, EV 65.6 MPH)
Batting: LHB Kyle Beaulieu 0-0: Ground out 1-3 (Groundball, 34S, EV 61.9 MPH)
Batting: RHB Jon Solano 0-0: Ball
1-0: Ball
2-0: Called Strike
2-1: Ground out 6-3 (Groundball, 6, EV 86.9 MPH)
Bottom of the 2nd over - 0 runs, 0 hits, 0 errors, 0 left on base; San Francisco 0 - Arizona 0
TOP OF THE 3RD
San Francisco Giants batting - Pitching for Arizona Diamondbacks : LHP Murphy Quirk
Batting: SHB Bill Dooms 0-0: Called Strike
0-1: Foul Ball, location: 2F
0-2: Ball
1-2: Ball
2-2: Foul Ball, location: 2F
2-2: Ball
3-2: Strikes out looking
Batting: LHB John Blair 0-0: Ball
1-0: Foul Ball, location: 2F
1-1: SOLO HOME RUN (Line Drive, 89XD, EV 102.5 MPH), Distance : 410 ft
Batting: RHB Jason May 0-0: Foul Ball, location: 2F
0-1: Ball
1-1: Ball
2-1: Called Strike
2-2: Strikes out looking
Batting: RHB Nick Rigden 0-0: Ball
1-0: Ball
2-0: Called Strike
2-1: Foul Ball, location: 2F
2-2: SINGLE (Line Drive, 6MD, EV 98.1 MPH)
Batting: RHB Sean Zielinski 0-0: Ball
1-0: Ball
2-0: Called Strike
2-1: Hit by Pitch
Nick Rigden to second
Batting: SHB Ryan Doss 0-0: Called Strike
Sean Zielinski steals 2nd base
Nick Rigden steals 3rd base
0-1: Ball
1-1: Fly out, F4 (Flyball, 6D, EV 91.2 MPH)
Top of the 3rd over - 1 run, 2 hits, 0 errors, 2 left on base; San Francisco 1 - Arizona 0
BOTTOM OF THE 3RD
Arizona Diamondbacks batting - Pitching for San Francisco Giants : RHP Casey Jones
Batting: RHB Mario Soto 0-0: Called Strike
0-1: SINGLE (Groundball, 4MS, EV 66.9 MPH) (infield hit)
Batting: RHB Fabrice Bertin 0-0: Called Strike
0-1: DOUBLE (Flyball, 8RXD, EV 96.9 MPH)
Mario Soto to third
Mario Soto scores
Batting: LHB Roy Steigerwald 0-0: Ball
1-0: Ball
2-0: Ball
3-0: Base on Balls
Batting: RHB David Price Jr. 0-0: Ball
1-0: Grounds into double play, 5-4-3 (Groundball, 5S, EV 83.8 MPH)
Fabrice Bertin to third
Batting: LHB Eric Klasek 0-0: Foul Ball, location: 2F
0-1: Ball
1-1: Ball
2-1: Swinging Strike
2-2: Ground out 4-3 (Groundball, 34, EV 98.1 MPH)
Bottom of the 3rd over - 1 run, 2 hits, 0 errors, 1 left on base; San Francisco 1 - Arizona 1
TOP OF THE 4TH
San Francisco Giants batting - Pitching for Arizona Diamondbacks : LHP Murphy Quirk
Batting: LHB Willis Robles 0-0: Ground out U3 (Groundball, 3S, EV 91.2 MPH)
Batting: RHB Henri Cederberg 0-0: Ball
1-0: Swinging Strike
1-1: Called Strike
1-2: Strikes out swinging
Batting: RHB Tom Beckman 0-0: Called Strike
0-1: Ball
1-1: Ball
2-1: Ground out 4-3 (Groundball, 4M, EV 106.2 MPH)
Top of the 4th over - 0 runs, 0 hits, 0 errors, 0 left on base; San Francisco 1 - Arizona 1
BOTTOM OF THE 4TH
Arizona Diamondbacks batting - Pitching for San Francisco Giants : RHP Casey Jones
Batting: LHB Danny Dunham 0-0: Ball
1-0: Fly out, F9 (Flyball, 89S, EV 93.1 MPH)
Batting: SHB Perry Tuckfard 0-0: Called Strike
0-1: Fly out, F3 (Popup, 34, EV 60.6 MPH)
Batting: LHB Kyle Beaulieu 0-0: Ball
1-0: Ball
2-0: Foul Ball, location: 2F
2-1: Swinging Strike
2-2: Ground out 4-3 (Groundball, 4, EV 102.5 MPH)
Bottom of the 4th over - 0 runs, 0 hits, 0 errors, 0 left on base; San Francisco 1 - Arizona 1
TOP OF THE 5TH
San Francisco Giants batting - Pitching for Arizona Diamondbacks : LHP Murphy Quirk
Batting: SHB Bill Dooms 0-0: Called Strike
0-1: Foul Ball, location: 2F
0-2: Ball
1-2: Strikes out looking
Batting: LHB John Blair 0-0: Ball
1-0: Reached on error, E3 (Groundball, 3, EV 108.8 MPH)
Batting: RHB Jason May 0-0: Called Strike
0-1: Foul Ball, location: 2F
0-2: Ball
1-2: Ball
2-2: Ball
3-2: 2-RUN HOME RUN (Flyball, 9D, EV 100.6 MPH), Distance : 378 ft
Batting: RHB Nick Rigden 0-0: Called Strike
0-1: Swinging Strike
0-2: Ball
1-2: Foul Ball, location: 2F
1-2: Ball
2-2: Strikes out swinging
Batting: RHB Sean Zielinski 0-0: Ball
1-0: Called Strike
1-1: Foul Ball, location: 2F
1-2: Fly out, F7 (Flyball, 78M, EV 88.8 MPH)
Top of the 5th over - 2 runs, 1 hit, 1 error, 0 left on base; San Francisco 3 - Arizona 1
BOTTOM OF THE 5TH
Arizona Diamondbacks batting - Pitching for San Francisco Giants : RHP Casey Jones
Batting: RHB Jon Solano 0-0: Called Strike
0-1: Called Strike
0-2: Ball
1-2: Foul Ball, location: 2F
1-2: Ball
2-2: Strikes out swinging
Batting: RHB Mario Soto 0-0: Ball
1-0: Foul Ball, location: 2F
1-1: Called Strike
1-2: Ball
2-2: Fly out, F2 (Popup, 2RF, EV 84.4 MPH)
Batting: RHB Fabrice Bertin 0-0: Called Strike
0-1: SINGLE (Line Drive, 4D, EV 95.6 MPH)
Batting: LHB Roy Steigerwald 0-0: Called Strike
0-1: Foul Ball, location: 2F
0-2: Strikes out swinging
Bottom of the 5th over - 0 runs, 1 hit, 0 errors, 1 left on base; San Francisco 3 - Arizona 1
TOP OF THE 6TH
San Francisco Giants batting - Pitching for Arizona Diamondbacks : LHP Murphy Quirk
Batting: SHB Ryan Doss 0-0: Foul Ball, location: 2F
0-1: Ball
1-1: Ball
2-1: Fly out, F7 (Flyball, 7LS, EV 92.5 MPH)
Batting: LHB Willis Robles 0-0: Ball
1-0: Called Strike
1-1: Foul Ball, location: 2F
1-2: Ball
2-2: Fly out, F7 (Flyball, 7LM, EV 75.6 MPH)
Batting: RHB Henri Cederberg 0-0: Ball
1-0: Called Strike
1-1: Fly out, F8 (Flyball, 8RM, EV 96.2 MPH)
Top of the 6th over - 0 runs, 0 hits, 0 errors, 0 left on base; San Francisco 3 - Arizona 1
BOTTOM OF THE 6TH
Arizona Diamondbacks batting - Pitching for San Francisco Giants : RHP Casey Jones
Batting: RHB David Price Jr. 0-0: Called Strike
0-1: Ball
1-1: Swinging Strike
1-2: Fly out, F8 (Flyball, 78XD, EV 100.0 MPH)
Batting: LHB Eric Klasek 0-0: Swinging Strike
0-1: Ball
1-1: Ball
2-1: Ball
3-1: Base on Balls
Batting: LHB Danny Dunham 0-0: Called Strike
0-1: Ball
1-1: Ball
2-1: SINGLE (Groundball, 34D, EV 96.9 MPH)
Eric Klasek to second
Runner from 2nd tries for 3rd, SAFE, throw by RF made to third
Batting: SHB Perry Tuckfard 0-0: Ball
1-0: Foul Ball, location: 2F
1-1: Ball
2-1: Ball
3-1: DOUBLE (Line Drive, 89D, EV 106.2 MPH)
Eric Klasek scores
Danny Dunham to third
Pitching: RHP Ben Sheets
Batting: LHB Kyle Beaulieu 0-0: 3-RUN HOME RUN (Flyball, 89XD, EV 103.1 MPH), Distance : 400 ft
Batting: RHB Jon Solano 0-0: Foul Ball, location: 2F
0-1: Called Strike
0-2: Foul Ball, location: 2F
0-2: Ball
1-2: Foul Ball, location: 2F
1-2: Ground out 4-3 (Groundball, 4, EV 83.8 MPH)
Batting: RHB Mario Soto 0-0: Ball
1-0: Swinging Strike
1-1: Foul Ball, location: 2F
1-2: Ball
2-2: Ball
3-2: Foul Ball, location: 2F
3-2: Strikes out looking
Bottom of the 6th over - 4 runs, 3 hits, 0 errors, 0 left on base; San Francisco 3 - Arizona 5
TOP OF THE 7TH
San Francisco Giants batting - Pitching for Arizona Diamondbacks : LHP Murphy Quirk
Batting: RHB Tom Beckman 0-0: Ball
1-0: Foul Ball, location: 2F
1-1: Foul Ball, location: 2F
1-2: Ball
2-2: Ball
3-2: SOLO HOME RUN (Flyball, 78XD, EV 107.5 MPH), Distance : 430 ft
Batting: SHB Bill Dooms 0-0: DOUBLE (Groundball, 5L, EV 97.5 MPH)
Pinch Runner at 2nd Jack Henningar:
Pinch Hitting: RHB Nate Hodson 0-0: Ball
1-0: Called Strike
1-1: Foul Ball, location: 2F
1-2: Strikes out swinging, 2-3 out at first.
Batting: RHB Jason May 0-0: Called Strike
0-1: Called Strike
0-2: Ball
1-2: Ball
2-2: Foul Ball, location: 2F
2-2: Ball
3-2: Ground out 6-3 (Groundball, 6, EV 102.5 MPH)
Pitching: RHP Willie Nieto
Batting: RHB Nick Rigden 0-0: Ball
1-0: Called Strike
1-1: Fly out, F9 (Flyball, 9, EV 90.0 MPH)
Top of the 7th over - 1 run, 2 hits, 0 errors, 1 left on base; San Francisco 4 - Arizona 5
BOTTOM OF THE 7TH
Arizona Diamondbacks batting - Pitching for San Francisco Giants : RHP Ben Sheets
Pitching: RHP Keith Kidd
Now at C: Nick Swank
Now in RF: Ryan Braden
Batting: RHB Fabrice Bertin 0-0: Swinging Strike
0-1: Ground out 5-3 (Groundball, 56S, EV 71.2 MPH)
Batting: LHB Roy Steigerwald 0-0: Foul Ball, location: 2F
0-1: Swinging Strike
0-2: Ground out 5-3 (Groundball, 56S, EV 63.1 MPH)
Batting: RHB David Price Jr. 0-0: Called Strike
0-1: Ball
1-1: SOLO HOME RUN (Flyball, 89XD, EV 110.6 MPH), Distance : 425 ft
Batting: LHB Eric Klasek 0-0: Ball
1-0: Swinging Strike
1-1: Ball
2-1: Foul Ball, location: 2F
2-2: SINGLE (Groundball, 6MS, EV 81.9 MPH) (infield hit)
Batting: LHB Danny Dunham 0-0: Foul Ball, location: 2F
0-1: 2-RUN HOME RUN (Flyball, 89XD, EV 103.1 MPH), Distance : 415 ft
Pitching: RHP Borisz Barciniak
Batting: SHB Perry Tuckfard 0-0: Foul Ball, location: 2F
0-1: Foul Ball, location: 2F
0-2: Foul Ball, location: 2F
0-2: Ball
1-2: Ball
2-2: DOUBLE (Line Drive, 7LM, EV 109.4 MPH)
Batting: LHB Kyle Beaulieu 0-0: Ball
1-0: Foul Ball, location: 2F
1-1: Ball
2-1: Ground out 6-3 (Groundball, 6, EV 76.9 MPH)
Bottom of the 7th over - 3 runs, 4 hits, 0 errors, 1 left on base; San Francisco 4 - Arizona 8
TOP OF THE 8TH
San Francisco Giants batting - Pitching for Arizona Diamondbacks : RHP Willie Nieto
Batting: RHB Sean Zielinski 0-0: Called Strike
0-1: Fly out, F2 (Popup, 2RF, EV 88.1 MPH)
Pitching: RHP Andrew Coker
Batting: SHB Ryan Doss 0-0: Foul Ball, location: 2F
0-1: Fly out, F8 (Flyball, 8LXD, EV 103.1 MPH)
Batting: LHB Willis Robles 0-0: Ball
1-0: Ball
2-0: Ball
3-0: Foul Ball, location: 2F
3-1: Base on Balls
Batting: RHB Henri Cederberg 0-0: Ball
1-0: Called Strike
1-1: Ball
2-1: Called Strike
2-2: Strikes out swinging
Top of the 8th over - 0 runs, 0 hits, 0 errors, 1 left on base; San Francisco 4 - Arizona 8
BOTTOM OF THE 8TH
Arizona Diamondbacks batting - Pitching for San Francisco Giants : RHP Borisz Barciniak
Pitching: RHP Josh Lister
Batting: RHB Jon Solano 0-0: Fly out, F9 (Flyball, 9D, EV 102.5 MPH)
Batting: RHB Mario Soto 0-0: Called Strike
0-1: DOUBLE (Flyball, 89D, EV 103.1 MPH)
Batting: RHB Fabrice Bertin 0-0: Swinging Strike
0-1: Ball
1-1: Foul Ball, location: 2F
1-2: Ball
2-2: Ball
3-2: Base on Balls
Batting: LHB Roy Steigerwald 0-0: Ball
1-0: Ball
2-0: Ball
3-0: Called Strike
3-1: Called Strike
3-2: SINGLE (Line Drive, 56D, EV 93.8 MPH)
Mario Soto to third
Fabrice Bertin to second
Throwing error, E7
Mario Soto scores
Fabrice Bertin to third
Roy Steigerwald to second
Batting: RHB David Price Jr. 0-0: Ball
1-0: Foul Ball, location: 2F
1-1: Swinging Strike
1-2: Ground out 4-3 (Groundball, 4, EV 93.1 MPH)
Fabrice Bertin scores
Roy Steigerwald to third
Batting: LHB Eric Klasek 0-0: Hit by Pitch
Batting: LHB Danny Dunham 0-0: Ball
1-0: Ball
Pickoff Throw to First - Error! E1
Roy Steigerwald scores
Eric Klasek to second
2-0: Swinging Strike
2-1: SINGLE (Line Drive, 6MD, EV 94.4 MPH)
Eric Klasek to third
Runner from 3rd tries for Home, SAFE, throw by CF to home
Pitching: RHP Johnny Munoz
Batting: SHB Perry Tuckfard 0-0: Called Strike
0-1: SINGLE (Groundball, 4MD, EV 96.9 MPH)
Danny Dunham to second
Batting: LHB Kyle Beaulieu 0-0: Ball
1-0: Foul Ball, location: 2F
1-1: Ball
2-1: Fly out, F9 (Flyball, 89M, EV 79.4 MPH)
Bottom of the 8th over - 4 runs, 4 hits, 2 errors, 2 left on base; San Francisco 4 - Arizona 12
TOP OF THE 9TH
San Francisco Giants batting - Pitching for Arizona Diamondbacks : RHP Andrew Coker
Batting: RHB Tom Beckman 0-0: Ball
1-0: Foul Ball, location: 2F
1-1: Ball
2-1: Foul Ball, location: 2F
2-2: Strikes out looking
Batting: LHB Ryan Braden 0-0: Ground out 5-3 (Groundball, 56, EV 105.0 MPH)
Batting: LHB Nick Swank 0-0: Ball
1-0: Foul Ball, location: 2F
1-1: Ground out 4-3 (Groundball, 4, EV 86.2 MPH)
Top of the 9th over - 0 runs, 0 hits, 0 errors, 0 left on base; San Francisco 4 - Arizona 12
Thursday, March 31st , 2022 - OOTP Baseball 22.12 Build 89